 Dungeon Crawl Stone Soup version 0.27-a0-1434-g6f15984924 (webtiles) character file.

Game seed: 10121719957323758084

195 onemanwarband the Skirmisher (level 5, -2/47 HPs)
             Began as a Minotaur Berserker on July 3, 2021.
             Was a Believer of Trog.
             Slain by a wyvern (13 damage)
             ... on level 5 of the Dungeon.
             The game lasted 00:21:05 (3555 turns).

onemanwarband the Skirmisher (Minotaur Berserker)   Turns: 3555, Time: 00:21:06

Health: -2/47      AC:  9    Str: 22    XL:     5   Next: 45%
Magic:  4/4        EV:  6    Int:  4    God:    Trog [**....]
Gold:   102        SH:  8    Dex: 10    Spells: 4/4 levels left

rFire    . . .     SeeInvis .   k - +2 whip (elec)
rCold    . . .     Faith    .   j - +0 kite shield
rNeg     . . .     Spirit   .   F - +0 chain mail
rPois    .         Reflect  .   (helmet restricted)
rElec    .         Harm     .   (no cloak)
rCorr    .         Rampage  .   (no gloves)
Will     .....                  (no boots)
Stlth    ..........             (no amulet)
HPRegen  0.15/turn              (no ring)
MPRegen  0.09/turn              (no ring)

@: no status effects
A: horns 2, retaliatory headbutt
a: Renounce Religion, Berserk, Trog's Hand


You were on level 5 of the Dungeon.
You worshipped Trog.
Trog was pleased with you.
You visited 1 branch of the dungeon, and saw 5 of its levels.

You collected 102 gold pieces.

Inventory:

Hand Weapons
 a - a +0 falchion of venom
 c - a +0 short sword
 f - a +0 club
 h - a +0 club
 i - a +0 dagger
 k - a +2 whip of electrocution (weapon)
 l - a +0 dagger
 m - a +0 mace
 q - a +0 hunting sling
 v - a +0 mace
 w - a +0 club
 x - a +0 hunting sling
 A - a +2 mace of holy wrath
 C - a +0 dagger
 D - a +0 club
 G - a +0 short sword
 H - a +0 war axe
Missiles
 d - 55 stones (quivered)
 n - 24 sling bullets
 z - 19 arrows
 E - 15 bolts
Armour
 b - a +0 animal skin
 j - a +0 kite shield (worn)
 p - a +0 scale mail
 y - a +0 helmet
 B - a +0 buckler
 F - a +0 chain mail (worn)
Scrolls
 u - a scroll of blinking {unknown}
Potions
 e - a potion of brilliance {unknown}
 g - a potion of lignification {unknown}
 o - 2 potions of curing
 r - a potion of degeneration {unknown}
 s - a potion of flight {unknown}
 t - a potion of ambrosia {unknown}


   Skills:
 + Level 4.8 Fighting
 - Level 4.3 Long Blades
 * Level 2.3 Maces & Flails
 + Level 3.4 Armour
 + Level 3.0 Dodging
 + Level 0.5 Stealth
 * Level 2.2 Shields


You had 4 spell levels left.
You didn't know any spells.
Your spell library contained the following spells:

 Spells                   Type           Power      Damage    Failure   Level
 Animate Skeleton         Necr           0%         N/A       100%        1
 Foxfire                  Conj/Fire      0%         2x1d4     100%        1
 Pain                     Necr           0%         1d4       100%        1
 Shock                    Conj/Air       0%         1d3       100%        1
 Conjure Flame            Conj/Fire      0%         6-21      100%        3
 Inner Flame              Hex/Fire       0%         N/A       100%        3
 Swiftness                Air            0%         N/A       100%        3
 Vampiric Draining        Necr           0%         2d6       100%        3
 Airstrike                Air            0%         N/A       100%        4
 Olgreb's Toxic Radiance  Pois           0%         N/A       100%        4
 Ozocubu's Refrigeration  Ice            0%         4d5       100%        7
 Ignition                 Fire           0%         3d3       100%        8


Dungeon Overview and Level Annotations

Branches:
Dungeon (6/15)
 Temple: D:4-7

Altars:


Innate Abilities, Weirdness & Mutations

You have a pair of horns on your head.
You reflexively headbutt those who attack you in melee.


Message History

An orc warrior comes into view. It is wielding a +0 halberd.
You hit the scorpion but do no damage. You headbutt the scorpion!
The scorpion is heavily wounded.
The scorpion closely misses you. The orc hits you but does no damage.
A jelly comes into view.
You block the scorpion's attack. The orc hits you but does no damage.
You hit the scorpion. You headbutt the scorpion!
You kill the scorpion!
Trog accepts your kill.
A wyvern comes into view.
The orc hits you with a +0 short sword.
An adder comes into view.
Your Maces & Flails skill increases to level 2!
Your Dodging skill increases to level 3!
Your Shields skill increases to level 2!
You closely miss the orc.
The wyvern hisses angrily.
The adder hisses angrily.
You block the orc warrior's attack. The orc hits you but does no damage.
A wight comes into view. It is wielding a +0 great sword.
The orc warrior hits you from afar with a +0 halberd.
You hit the orc.
The orc is heavily wounded.
The orc hits you with a +0 short sword. The wyvern bites you.
The orc warrior hits you from afar with a +0 halberd.
The orc hits you with a +0 short sword.
There are monsters nearby!
The wyvern bites you.
The orc warrior hits you from afar with a +0 halberd.
The wyvern bites you.
* * * LOW HITPOINT WARNING * * *
There is a stone staircase leading up here.
The wyvern bites you.
* * * LOW HITPOINT WARNING * * *
You block the wyvern's attack.
You climb upwards.
Found a robe.
There is a stone staircase leading down here.
You block the wyvern's attack. The wyvern bites you!
You die...

...# #..#
##..# ##...#
+...># ##...#
#...# #..l#
#..@# #...#
.......
..........
...........
............
.............
..............


You could see a wyvern.

Vanquished Creatures
  A scorpion (D:6)
  A gnoll (D:1)
  8 adders (D:2)
  3 dart slugs
  6 ball pythons
  3 endoplasms
  2 giant cockroaches (D:1)
  5 goblins
  5 hobgoblins
  2 jackals (D:2)
  3 quokkas
  4 bats
  5 frilled lizards
  4 kobolds
  5 rats
57 creatures vanquished.

Notes
Turn   | Place    | Note
-------+----------+-------------------------------------------
     0 | D:1      | onemanwarband the Minotaur Berserker began the quest for
                  | the Orb.
     0 | D:1      | Reached XP level 1. HP: 19/19 MP: 0/0
   329 | D:1      | Reached XP level 2. HP: 27/27 MP: 1/1
   880 | D:1      | Reached ** piety under Trog
   881 | D:1      | Reached XP level 3. HP: 30/33 MP: 2/2
  1712 | D:2      | Reached skill level 1 in Shields
  1712 | D:2      | Reached XP level 4. HP: 34/41 MP: 3/3
  1714 | D:2      | Reached skill level 1 in Maces & Flails
  3035 | D:2      | Found a faded altar of an unknown god.
  3492 | D:3      | Reached XP level 5. HP: 47/47 MP: 4/4
  3540 | D:3      | You fall into a shaft and drop 3 floors!
  3543 | D:6      | Noticed an orc warrior
  3545 | D:6      | Noticed a wyvern
  3551 | D:5      | Entered Level 5 of the Dungeon
  3555 | D:5      | Slain by a wyvern

Illustrated notes

Levels and vault maps discovered:
D:1:      sevenhm_arrival_forest_fort_small_5, layout_loops_ring, st_stairs_5,
          grunt_decor_clamped, chequers_serial_rivers_micro_d,
          minmay_lizard_pond
D:2:      layout_basic, ebering_ecumenical_altar_abandoned, st_stairs_2,
          kennysheep_cross_bottleneck, hex_intersection, minmay_circle_x
D:3:      layout_loops_corners, tso_altar, trog_hazing_becter,
          serial_co_window_serial, co_window_cross_1,
          co_window_of_opportunity_a, co_window_paths_b, co_window_corner_a,
          co_window_paths_b, co_window_corner_cb, co_window_corner_cb,
          co_window_broadway_c, co_window_4corner_b, glass_columns_a,
          glass_columns_a, glass_columns_b, glass_columns_b,
          columned_hall_lemuel, minmay_misc_feat_rows, minmay_misc_feat_chi,
          st_stairs_6
D:5:      layout_basic, okawaru_ov_weapons_minmay, serial_shops, shop
D:6:      cheibrodos_fzero, layout_basic, minmay_temple_entry_glass,
          nicolae_take_the_stairs, uniq_blork_the_orc

Skill      XL: |  1  2  3  4  5 |
---------------+----------------+-----
Fighting       | 4 |  4.8
Long Blades    | 4 |  4.3
Shields        | 1 2 |  2.2
Maces & Flails | 1 2 |  2.3
Armour         | 3 |  3.4
Dodging        | 3 |  3.0
Stealth        | |  0.5

Action                   |  1- 3 |  4- 6 || total
-------------------------+-------+-------++-------
Melee: Falchion          |    41 |       ||    41
       Headbutt          |     5 |     8 ||    13
       Whip              |    32 |    47 ||    79
  Use: Scroll            |     5 |       ||     5
 Stab: Distracted        |     1 |       ||     1
Armor: Animal skin       |     5 |       ||     5
       Scale mail        |    17 |    12 ||    29
       Chain mail        |       |     3 ||     3
Dodge: Dodged            |    40 |    17 ||    57
Block: Kite shield       |    12 |    29 ||    41
       Rpst.: Falchion   |     9 |       ||     9

Table legend: (Time is in decaauts)
 A = Elapsed time spent in this place.
 B = Non-inter-level travel time spent in this place.
 C = Inter-level travel time spent in this place.
 D = Time resting spent in this place.
 E = Time spent auto-exploring this place.
 F = Levels seen in this place.
 G = Mean time per level.
                   A        B        C        D        E       F      G
               +--------+--------+--------+--------+--------+-----+--------+
         Total |   3587 |   3586 |      1 |   1283 |    887 |   5 |  717.4 |
       Dungeon |   3587 |   3586 |      1 |   1283 |    887 |   5 |  717.4 |
               +--------+--------+--------+--------+--------+-----+--------+

Top non-repeatable levels by time:
     D:2: 1736 daAuts
     D:1: 1425 daAuts
     D:3: 410 daAuts
     D:6: 11 daAuts
     D:5: 3 daAuts
